Map: Eastwatch LE

Players

Woogie - Winner!

  • Race: Zerg Zerg
  • League: Platinum
  • Spawn Location: 1:00

Bentron

  • Race: Protoss Protoss
  • League: Platinum
  • Spawn Location: 7:00

VOD

Have the link to the VOD?

Description

Time

  • Played on: April 21, 2018, 5:11 p.m.
  • Length: 19:09
Show
View Real Time Build Order
Export as new Build Order

Woogie Zerg - Winner!

Build Orders: Hatch First, Lurkers 

Get SALT Encoding   

  12  0:02  Drone  
  13  0:13  Overlord  
  13  0:21  Drone  
  14  0:31  Drone  
  14  0:32  Drone  
  16  0:43  Drone  
  17  0:54  Hatchery  
  17  0:56  Drone  
  17  1:02  Extractor  
  17  1:03  Drone  
  17  1:20  Drone, Spawning Pool  
  17  1:33  Drone x2  
  19  1:42  Overlord  
  19  2:09  Metabolic Boost  
  19  2:10  Queen  
  19  2:11  Queen  
  19  2:13  Drone  
  24  2:18  Drone x2  
  24  2:21  Drone x2  
  28  2:36  Drone x3  
  31  2:46  Overlord  
  31  2:47  Drone  
  32  2:55  Hatchery  
  31  3:19  Evolution Chamber  
  30  3:21  Roach Warren  
  30  3:22  Drone x4  
  30  3:26  Extractor  
  32  3:27  Extractor  
  32  3:28  Drone x4  
  32  3:29  Drone x3  
  32  3:32  Drone  
  39  3:37  Spore Crawler  
  39  3:40  Spore Crawler  
  37  3:52  Lair  
  37  4:01  Overlord x2  
  37  4:04  Zerg Missile Weapons Level 1  
  37  4:18  Drone x5  
  37  4:19  Drone x2  
  37  4:22  Drone  
  45  4:24  Spore Crawler  
  45  4:27  Queen  
  46  4:39  Queen  
  48  4:55  Drone x3, Evolution Chamber  
  48  4:56  Extractor  
  47  5:14  Hydralisk Den  
  47  5:16  Drone x3  
  47  5:17  Drone x2, Overlord x2  
  47  5:18  Overlord x2  
  51  5:22  Pneumatized Carapace  
  51  5:28  Drone x5  
  52  5:34  Zerg Ground Armor Level 1  
  52  5:35  Glial Reconstitution  
  56  5:47  Drone x5  
  61  5:51  Extractor  
  61  5:52  Extractor  
  59  5:57  Spore Crawler  
  59  5:59  Roach  
  59  6:00  Roach x5  
  70  6:16  Roach x4  
  70  6:17  Roach x4  
  83  6:38  Grooved Spines  
  83  6:39  Drone x4  
  88  6:40  Drone x3  
  90  6:48  Overlord x4  
  90  7:13  Drone  
  90  7:14  Drone x5  
  96  7:19  Zerg Missile Weapons Level 2  
  96  7:21  Hydralisk  
  96  7:22  Hydralisk x4  
  102  7:28  Queen x3  
  112  7:40  Overlord  
  112  7:41  Overlord x2  
  112  7:45  Zerg Ground Armor Level 2  
  112  7:47  Infestation Pit  
  111  7:54  Hydralisk  
  113  8:07  Overlord x3  
  113  8:08  Overlord  
  113  8:09  Drone x4  
  117  8:16  Hatchery  
  116  8:21  Hatchery  
  115  8:35  Hydralisk x5  
  115  8:36  Hydralisk x9  
  143  8:59  Muscular Augments  
  143  9:01  Hive  
  143  9:18  Nydus Network  
  143  9:20  Extractor  
  143  9:21  Lurker Den, Extractor  
  139  9:25  Drone x5  
  139  9:26  Drone x3  
  139  10:10  Roach x12  
  139  10:11  Roach x8  
  155  10:22  Hydralisk x9  
  173  10:33  Overlord x4  
  173  10:34  Overlord  
  173  11:04  Nydus Canal  
  173  11:08  Adaptive Talons  
  173  11:11  Lurker x4  
  177  11:23  Zerg Ground Armor Level 3  
  177  11:24  Spire, Zerg Missile Weapons Level 3  
  136  12:06  Hydralisk x12  
  136  12:07  Hydralisk x7  
  135  12:34  Zergling x12  
  135  12:35  Zergling x8  
  109  12:55  Drone x2  
  109  12:56  Drone x4  
  115  13:16  Roach  
  115  13:17  Roach x7  
  131  13:20  Greater Spire  
  130  13:44  Nydus Canal  
  130  14:15  Nydus Canal  
  121  14:33  Corruptor x6  
  121  14:34  Corruptor x3  
  121  14:37  Hydralisk x4  
  149  14:38  Roach  
  149  14:39  Roach x6  
  161  15:01  Lurker x3  
  161  15:06  Hatchery  
  163  15:07  Hatchery  
  162  15:14  Hatchery  
  161  15:23  Brood Lord  
  161  15:24  Brood Lord x4  
  161  15:26  Brood Lord x2  
  175  15:29  Overlord x2  
  175  15:33  Brood Lord  
  175  15:34  Brood Lord  
  177  15:54  Overlord x2  
  157  16:21  Roach  
  157  16:22  Roach x9  
  157  16:23  Hydralisk  
  157  16:24  Hydralisk x22  
  157  16:25  Hydralisk  
  197  16:26  Zergling x2  
  197  16:29  Queen x3  
  198  16:38  Corruptor  
  179  17:05  Zergling x2  
  179  17:06  Zergling x30  
  179  17:07  Zergling x10  
  154  17:33  Hydralisk, Roach x3  
  154  17:34  Hydralisk x14, Roach x7  
Show
View Real Time Build Order
Export as new Build Order

Bentron Protoss 

Build Orders: 1 Gate Expand, Oracle Opening 

Get SALT Encoding   

  12  0:01  Probe  
  13  0:13  Probe  
  14  0:20  Pylon  
  14  0:25  Probe  
  15  0:38  Probe  
  15  0:42  Gateway  
  16  0:46  Probe  
  16  0:54  Probe, Assimilator  
  18  1:07  Probe  
  19  1:19  Probe  
  20  1:33  Nexus  
  20  1:38  Probe  
  21  1:47  Pylon  
  21  2:04  Cybernetics Core  
  21  2:13  Pylon  
  21  2:14  Zealot  
  23  2:25  Probe, Assimilator  
  24  2:37  Probe  
  25  2:43  Stalker  
  27  2:46  Probe  
  27  2:48  Warp Gate  
  27  2:49  Probe  
  29  2:53  Stargate  
  29  3:01  Probe  
  29  3:04  Probe  
  31  3:16  Gateway  
  31  3:18  Twilight Council  
  31  3:28  Probe x2  
  31  3:30  Stalker  
  35  3:48  Probe x2  
  37  3:53  Oracle  
  40  4:00  Probe x2  
  42  4:12  Adept  
  42  4:16  Probe x2  
  46  4:19  Resonating Glaives  
  46  4:26  Pylon  
  46  4:27  Gateway  
  46  4:31  Gateway  
  46  4:35  Gateway  
  46  4:36  Phoenix  
  48  4:40  Pylon  
  48  4:42  Adept  
  50  4:47  Adept  
  50  4:50  Probe x2  
  50  4:52  Assimilator  
  54  4:54  Assimilator  
  51  5:23  Probe x2  
  53  5:30  Robotics Facility  
  53  5:33  Pylon  
  53  5:34  Pylon  
  53  5:37  Adept x5  
  63  5:48  Probe x2  
  65  5:55  Pylon  
  65  5:59  Templar Archives  
  65  6:03  Gateway  
  65  6:08  Gateway  
  61  6:29  Psionic Storm  
  55  6:43  Charge  
  55  6:48  Forge x2  
  55  6:49  Immortal  
  59  7:06  Zealot x5  
  59  7:07  Zealot x2  
  73  7:10  Probe x2  
  75  7:16  Protoss Ground Armor Level 1, Protoss Ground Weapons Level 1  
  75  7:22  Probe x2  
  77  7:28  Zealot x2  
  77  7:29  Zealot x5  
  91  8:06  Zealot  
  91  8:11  Pylon x2  
  93  8:13  Pylon  
  93  8:19  Nexus  
  93  8:25  Pylon  
  93  8:29  Probe  
  93  8:30  Probe  
  93  8:32  Zealot x2  
  93  8:33  Zealot x5  
  109  8:48  Pylon  
  109  8:50  Pylon  
  109  8:52  Pylon  
  109  9:02  Gateway  
  109  9:04  Gateway  
  109  9:06  Gateway  
  109  9:10  High Templar  
  109  9:11  High Templar x4  
  109  9:12  High Templar x2  
  109  9:13  Protoss Ground Armor Level 2  
  109  9:16  Protoss Ground Weapons Level 2  
  123  9:22  Probe x2  
  125  9:26  Immortal  
  129  9:34  Probe  
  129  10:05  Observer  
  94  10:25  Nexus, Immortal  
  98  10:38  High Templar  
  98  10:39  High Templar x3  
  98  10:40  High Templar  
  98  10:41  Zealot  
  98  10:42  Zealot x4  
  118  11:10  Archon x2  
  118  11:11  Archon  
  118  11:12  Archon  
  118  11:15  High Templar x3  
  118  11:16  Zealot x4  
  118  11:17  Zealot x2  
  118  11:18  Zealot  
  109  11:48  Zealot  
  109  11:49  Zealot x6  
  109  11:50  Zealot x3  
  119  12:04  Pylon  
  119  12:06  Pylon  
  119  12:07  Probe x3  
  122  12:19  Probe  
  119  12:28  Archon x2  
  93  12:38  Photon Cannon  
  93  12:40  Probe x3, Photon Cannon  
  93  12:41  Shield Battery  
  72  12:50  Zealot x2  
  72  12:51  Zealot  
  66  12:52  Probe, High Templar x5  
  66  12:53  High Templar x2  
  81  13:09  Robotics Bay  
  81  13:14  Assimilator  
  81  13:16  Assimilator  
  81  13:19  Zealot x3  
  87  13:28  Zealot  
  87  13:29  Zealot x6  
  101  13:52  Stalker  
  101  13:54  Stalker  
  103  14:08  Zealot x4  
  103  14:09  Zealot x4  
  119  14:10  Probe x3  
  122  14:22  Probe  
  123  14:29  Extended Thermal Lance  
  113  14:44  Robotics Facility  
  113  14:50  Pylon  
  113  14:55  Pylon  
  113  14:58  High Templar x2  
  113  14:59  High Templar x3  
  123  15:00  Zealot x5  
  133  15:16  Colossus  
  139  15:25  Archon x2  
  139  15:26  Archon  
  139  15:49  Protoss Ground Weapons Level 3  
  136  15:55  Void Ray  
  136  15:58  Zealot  
  136  15:59  Zealot x7  
  136  16:00  Zealot x2  
  136  16:01  Colossus  
  155  16:05  Protoss Ground Armor Level 3  
  124  16:26  Archon  
  124  16:27  Archon  
  126  16:49  Observer  
  67  17:42  Pylon  
Tags
 
Add a new tag
Caveats
  • Supply blocks, unpowered buildings, or Contaminate may cause inaccurate times.
  • Supply counts are checked every 10 seconds.